 Dungeon Crawl Stone Soup version 0.19-a0-559-ga3d69d0 (webtiles) character file.

262 benitares the Quickloader (level 6, 0/52 HPs)
             Began as a Kobold Hunter on June 8, 2016.
             Slain by a worker ant (3 damage)
             ... on level 4 of the Dungeon.
             The game lasted 00:05:25 (3186 turns).

benitares the Quickloader (Kobold Hunter)           Turns: 3186, Time: 00:05:26

Health: 0/52       AC: 23    Str: 11      XL:     6   Next: 42%
Magic:  6/6        EV:  3    Int: 10      God:
Gold:   94         SH:  0    Dex: 16 (17) Spells: 0 memorised, 5 levels left

rFire  . . .     SeeInvis +     b - +0 short sword
rCold  . . .     Gourm    .     (armour currently unavailable)
rNeg   + + +     Faith    .     (shield restricted)
rPois  +         Spirit   .     (helmet currently unavailable)
rElec  .         Dismiss  .     (cloak currently unavailable)
rCorr  .         Reflect  .     (gloves currently unavailable)
SustAt .         Harm     .     (boots currently unavailable)
MR     .....     NoTele   +     (no amulet)
Stlth  ++........               (no ring)
                                o - ring of see invisible

@: lethally poisoned (0 -> -1), tree-form (expiring), not resistant to hostile
enchantments, unstealthy
A: carnivore 3
a: no special abilities


You were on level 4 of the Dungeon.
You were not hungry.
You were a tree.
You visited 1 branch of the dungeon, and saw 4 of its levels.

You collected 94 gold pieces.

Inventory:

Hand Weapons
 a - a +1 hand crossbow
 b - a +0 short sword (weapon)
Missiles
 d - 15 bolts
Armour
 c - a +0 leather armour (melded)
 i - a +0 cloak (melded)
Jewellery
 o - a ring of see invisible (left branch)
Scrolls
 e - a scroll of amnesia {unknown}
 h - 2 scrolls of teleportation {unknown}
 l - 3 scrolls of blinking {unknown}
 m - 5 scrolls of identify {unknown}
 n - a scroll of fear {unknown}
 p - 2 scrolls of enchant armour {unknown}
 q - 2 scrolls of remove curse {unknown}
 t - 2 scrolls of immolation {unknown}
 u - 3 scrolls of random uselessness {unknown}
 v - a scroll of fog {unknown}
Potions
 j - a potion of flight {unknown}
 k - a potion of might {unknown}
 r - a potion of agility {unknown}
Comestibles
 f - 2 meat rations


   Skills:
 - Level 2.1 Fighting
 + Level 8.7 Crossbows
 - Level 2.4 Dodging
 - Level 1.3 Stealth


You had 5 spell levels left.
You didn't know any spells.

Dungeon Overview and Level Annotations

Branches:
Dungeon (4/15)
 Temple: D:4-7

Altars:
Yredelemnul

Annotations:
D:4 Daviar's ghost, amateur VSGl


Innate Abilities, Weirdness & Mutations

You are small and have problems with some larger weapons.
You are carnivorous and can eat meat at any time.


Message History

You hit the worker ant.
The worker ant is severely wounded.
You feel sick.
The worker ant bites you but does no damage.
You hit the worker ant but do no damage.
The worker ant is severely wounded.
The worker ant bites you but does no damage.
You hit the worker ant.
The worker ant is almost dead.
The worker ant bites you but does no damage.
The worker ant bites you.
* * * LOW HITPOINT WARNING * * *
You hit the worker ant but do no damage.
The worker ant is almost dead.
You feel sick. The worker ant bites you.
* * * LOW HITPOINT WARNING * * *
You barely miss the worker ant.
The worker ant is almost dead.
The worker ant bites you.
You die...

########
#......#
#.♣....#
#†a....#
#......#
#......#
######..[...#
#....##.....#
#.....#.....#
#.....'.....#
#.....#.....#


You could see a worker ant.

Vanquished Creatures
  A phantom (D:3)
  A howler monkey (D:3)
  An orc priest (D:3)
  6 adders
  A worm (D:3)
  2 giant geckos (D:2)
  3 orcs (D:3)
  4 bats
  2 giant cockroaches
  6 goblins
  7 hobgoblins
  2 jackals (D:3)
  2 quokkas (D:3)
  2 giant newts
  6 kobolds
  5 rats
51 creatures vanquished.

Notes
Turn   | Place    | Note
--------------------------------------------------------------
     0 | D:1      | benitares the Kobold Hunter began the quest for the Orb.
     0 | D:1      | Reached XP level 1. HP: 12/12 MP: 1/1
    33 | D:1      | Reached skill level 5 in Crossbows
   112 | D:1      | Reached XP level 2. HP: 17/17 MP: 2/2
   753 | D:2      | Reached XP level 3. HP: 13/21 MP: 3/3
   991 | D:2      | Reached skill level 6 in Crossbows
  1293 | D:2      | Found a basalt altar of Yredelemnul.
  1349 | D:2      | Reached XP level 4. HP: 13/26 MP: 4/4
  1452 | D:2      | HP: 1/26 [poisoned by an adder]
  2003 | D:3      | Noticed a phantom
  2037 | D:3      | Killed a phantom
  2037 | D:3      | Reached skill level 7 in Crossbows
  2037 | D:3      | Reached XP level 5. HP: 13/30 MP: 5/5
  2111 | D:3      | Found a glowing drain.
  2491 | D:3      | Reached skill level 8 in Crossbows
  2715 | D:3      | Reached XP level 6. HP: 25/35 MP: 6/6
  2813 | D:4      | Noticed Daviar's ghost (amateur VSGl)
  3186 | D:4      | Slain by a worker ant

Vault maps used:
D:1:      minmay_arrival_plants_in_alcoves, minivault_25, st_stairs_14,
          minivault_27
D:2:      nicolae_overflow_crystal_walls, nicolae_overflow_hidden_temple,
          minmay_misc_feat_x, nrook_loot_triangle
D:3:      portal_sewer_entry_a
D:4:      kennysheep_mini_moat, uniq_edmund

Skill      XL: |  1  2  3  4  5 |
---------------+----------------+-----
Crossbows      | 5 6 7 8 |  8.7
Fighting       | |  2.1
Dodging        | |  2.4
Stealth        | |  1.3

Action                   |  1- 3 |  4- 6 || total
-------------------------+-------+-------++-------
Melee: Short sword       |    72 |   167 ||   239
 Fire: Hand crossbow     |    24 |    16 ||    40
  Use: Potion            |       |     5 ||     5
 Stab: Sleeping          |     4 |     2 ||     6
  Eat: Chunk             |     1 |     6 ||     7
Armor: Leather armour    |     9 |    39 ||    48
       Skin              |       |    21 ||    21
Dodge: Dodged            |    69 |   119 ||   188
